 Dungeon Crawl Stone Soup version 0.23.2 (webtiles) character file.

Game seed: 10469068205902705771

12555 teukkam the Fighter (level 11, -5/99 HPs)
             Began as a Minotaur Fighter on Apr 9, 2019.
             Was an Elder of the Shining One.
             Slain by a death knight
             ... wielding a +3 glaive
              (23 damage)
             ... on level 11 of the Dungeon.
             The game lasted 00:50:44 (11098 turns).

teukkam the Fighter (Minotaur Fighter)             Turns: 11098, Time: 00:50:45

Health: -5/99      AC: 17    Str: 33    XL:     11   Next: 64%
Magic:  13/13      EV:  9    Int:  7    God:    the Shining One [****..]
Gold:   644        SH: 13    Dex:  9    Spells: 10/10 levels left

rFire    . . .     SeeInvis .   a - +0 war axe
rCold    . . .     Gourm    .   O - +0 shield
rNeg     + + .     Faith    .   K - +0 swamp dragon scales
rPois    +         Spirit   .   (helmet restricted)
rElec    +         Reflect  .   E - +1 cloak
rCorr    .         Harm     .   Q - +0 pair of gloves
MR       .....                  Z - +0 pair of boots
Stlth    +.........             (no amulet)
HPRegen  0.26/turn              T - ring "Ateso" {+Inv rElec MR- Str+8 Stlth+}
MPRegen  0.13/turn              M - +2 ring of protection

@: about to teleport, glowing
A: retaliatory headbutt, horns 2, talons 1, clever 1, evolution 1
a: Divine Shield, Cleansing Flame, Renounce Religion, Evoke Invisibility


You were on level 11 of the Dungeon.
You worshipped the Shining One.
The Shining One was greatly pleased with you.
You were not hungry.

You visited 2 branches of the dungeon, and saw 12 of its levels.
You also visited: Ossuary.

You collected 644 gold pieces.

Inventory:

Hand Weapons
 a - a +0 war axe (weapon)
 b - a +5 hunting sling
 c - a +2 scimitar of flaming
 r - a +0 dagger of venom
 u - a +0 whip of freezing
 C - a +0 falchion of holy wrath
 D - a +0 whip of electrocution
 L - a +1 long sword of freezing
 R - a +1 halberd of venom
 S - a +0 hand axe of freezing
 W - a +3 flail of crushing
Missiles
 d - 12 javelins
 h - 11 tomahawks
 i - 287 stones (quivered)
 n - 96 sling bullets
 P - 3 throwing nets
Armour
 o - the +2 robe of Poor Excuses {rElec rF- Str+5}
   (You found it on level 4 of the Dungeon)

   It affects your strength (+5).
   It makes you vulnerable to fire.
   It insulates you from electricity.
 s - the +3 scale mail of Focus {Dex+3}
   (You found it on level 4 of the Dungeon)

   It affects your dexterity (+3).
 E - a +1 cloak (worn)
 K - +0 swamp dragon scales (worn)
 O - a +0 shield (worn)
 Q - a +0 pair of gloves (worn)
 Z - a +0 pair of boots (worn)
Jewellery
 I - an uncursed ring of resist corrosion
 J - an uncursed ring of ice
 M - a +2 ring of protection (right hand)
 T - the ring "Ateso" (left hand) {+Inv rElec MR- Str+8 Stlth+}
   (You found it on level 9 of the Dungeon)

   [ring of stealth]

   It affects your strength (+8).
   It insulates you from electricity.
   It affects your resistance to hostile enchantments.
   It lets you turn invisible.
   It makes you more stealthy.
 V - an uncursed ring of fire
Wands
 l - a wand of random effects (7)
 w - a wand of iceblast (15)
 N - a wand of paralysis (10)
Scrolls
 j - 2 scrolls of enchant armour
 p - 7 scrolls of identify
 t - 3 scrolls of enchant weapon
 y - 2 scrolls of teleportation
 A - a scroll of noise
 B - 7 scrolls of remove curse
 G - 3 scrolls of random uselessness {unknown}
 H - 3 scrolls of vulnerability {unknown}
Potions
 e - 4 potions of degeneration
 g - a potion of haste
 k - 4 potions of lignification
 m - a potion of mutation
 v - 3 potions of flight
 x - a potion of agility
 z - 4 potions of curing
Miscellaneous
 Y - a crystal ball of energy
Comestibles
 f - 15 rations


   Skills:
 + Level 10.1 Fighting
 + Level 6.2 Short Blades
 + Level 9.7 Axes
 + Level 7.7 Slings
 + Level 10.0 Armour
 + Level 1.9 Stealth
 + Level 10.0 Shields
 - Level 4.1 Invocations


You had 10 spell levels left.
You didn't know any spells.
Your spell library contained the following spells:

 Spells                   Type           Power        Failure   Level  Hunger
 Freeze                   Ice            #...         75%         1    ##.....
 Magic Dart               Conj           #...         75%         1    ##.....
 Sandblast                Erth           #.....       75%         1    ##.....
 Blink                    Tloc           N/A          86%         2    ###....
 Call Imp                 Summ           #.......     86%         2    ###....
 Passwall                 Tmut/Erth      #.......     86%         2    ###....
 Shroud of Golubria       Chrm/Tloc      #.........   86%         2    ###....
 Slow                     Hex            #.......     86%         2    ###....
 Throw Frost              Conj/Ice       #.....       86%         2    ###....
 Conjure Flame            Conj/Fire      #.......     98%         3    ####...
 Gell's Gravitas          Tloc           #.........   98%         3    ####...
 Lesser Beckoning         Tloc           #.........   98%         3    ####...
 Mephitic Cloud           Conj/Pois/Air  #.......     98%         3    ####...
 Ozocubu's Armour         Chrm/Ice       #.......     98%         3    ####...
 Portal Projectile        Hex/Tloc       #.....       98%         3    ####...
 Stone Arrow              Conj/Erth      #.....       98%         3    ####...
 Teleport Other           Tloc           #.......     98%         3    ####...
 Passage of Golubria      Tloc           N/A          100%        4    #####..
 Petrify                  Tmut/Erth      #.......     100%        4    #####..
 Summon Ice Beast         Ice/Summ       #.......     100%        4    #####..
 Summon Lightning Spire   Summ/Air       #.......     100%        4    #####..
 Throw Icicle             Conj/Ice       #.......     100%        4    #####..
 Lee's Rapid Deconstruct  Erth           #.........   100%        5    ######.
 Silence                  Hex/Air        #.........   100%        5    ######.
 Conjure Ball Lightning   Conj/Air       #.........   100%        6    #######
 Deflect Missiles         Chrm/Air       #.........   100%        6    #######
 Dispersal                Tloc           #.........   100%        6    #######
 Tornado                  Air            #.........   100%        9    #######


Dungeon Overview and Level Annotations

Branches:
Dungeon (11/15)            Temple (1/1) D:5             Orc (0/2) D:11
   Lair: D:8-11

Altars:
Ashenzari
Cheibriados
Dithmenos
Elyvilon
Fedhas
Gozag
Hepliaklqana
Kikubaaqudgha
Makhleb
Nemelex Xobeh
Okawaru
Qazlal
Ru
Sif Muna
Trog
Uskayaw
Wu Jian
Xom
Yredelemnul
Zin
The Shining One

Shops:
D:7 (   D:8 *

Annotations:
D:3 3 runed translucent doors, Borgoz's ghost, amateur GrGl; grocchini's ghost, amateur SpMo
D:6 Prince Ribbit


Innate Abilities, Weirdness & Mutations

You reflexively headbutt those who attack you in melee.
You have a pair of horns on your head.
You have sharp toenails.
Your mind is acute. (Int +2)
You evolve.


Message History

You see here an adder corpse.
You butcher the adder corpse.
Things that are here:
a chunk of flesh; an adder skeleton You start resting.
The kobold is too close now for your liking.
You block the kobold's attack.
You slash the kobold!
You kill the kobold!
The iguana bites you!
* * * LOW HITPOINT WARNING * * *
You block the death knight's attack.
Things that are here:
a chunk of flesh; a kobold corpse; an adder skeleton
As you read the scroll of teleportation, it crumbles to dust.
You feel strangely unstable. You block the iguana's attack.
You slice the iguana!!
You kill the iguana!
The death knight hits you from afar with a +3 glaive!!
You die...

.# .# .. .# ... .# #..
.# #..## .# ..# #.... .#
#..# #....####+###. †#
#S.# # ..#8@(#...8# .#
#..# #...#....# .#
#..####...#.p.#....#
.####.........##W#[#.#.+
.†............p.#.#(#.#
..W.z.........#....#...#
...pW.........#...#....#
..............#8...#..8#
...............###'####.


You could see a death knight and a wraith.

Vanquished Creatures
  Harold (D:8)
  Erica (D:8)
  Urug (D:10)
  2 unseen horrors (D:9)
  2 ugly things
  Pikel (D:6)
  Joseph (D:8)
  2 hippogriffs (D:8)
  Sigmund (D:2)
  Eustachio (D:7)
  6 yaks
  A hungry ghost (D:10)
  An acid dragon (D:9)
  2 sky beasts
  3 ice beasts
  6 orc warriors
  3 phantoms
  8 ogres
  2 centaurs
  Blork the orc (D:7)
  7 bullfrogs
  2 big kobolds (D:10)
  An elf zombie (Ossuary)
  A gnoll sergeant (D:7)
  A wyvern skeleton (D:10)
  6 scorpions
  11 killer bees
  7 wights (D:9)
  7 howler monkeys
  4 crimson imps
  2 quasits
  A human zombie (Ossuary)
  A jelly (D:5)
  8 hounds
  A centaur skeleton (D:6)
  7 orc priests
  A bullfrog skeleton (D:4)
  Jessica (D:3)
  Terence (D:2)
  6 iguanas
  12 orc wizards
  10 worker ants
  A big kobold zombie (Ossuary)
  A hound zombie (Ossuary)
  A hound skeleton (D:9)
  4 mummies (Ossuary)
  A howler monkey zombie (D:8)
  A worker ant zombie (D:11)
  3 gnolls (D:10)
  17 adders
  A howler monkey skeleton (D:8)
  2 shadow imps
  3 oozes
  2 adder skeletons
  An adder zombie (D:9)
  3 worms
  3 dart slugs
  11 leopard geckos
  52 orcs
  A ball python (D:2)
  7 bats
  7 giant cockroaches
  3 goblins
  8 hobgoblins
  15 jackals
  5 quokkas
  5 frilled lizards
  2 gnoll zombies (Ossuary)
  A goblin zombie (Ossuary)
  A hobgoblin zombie (Ossuary)
  A jackal zombie (Ossuary)
  19 kobolds
  A kobold zombie (Ossuary)
  2 orc zombies (Ossuary)
  2 quokka zombies
  6 rats
337 creatures vanquished.

Vanquished Creatures (collateral kills)
  A water moccasin (D:11)
  A hound (D:11)
2 creatures vanquished.

Vanquished Creatures (others)
  A slave (D:6)
  2 worker ants (D:6)
  8 plants (D:11)
11 creatures vanquished.

Grand Total: 350 creatures vanquished

Notes
Turn   | Place    | Note
-------+----------+-------------------------------------------
     0 | D:1      | teukkam the Minotaur Fighter began the quest for the Orb.
     0 | D:1      | Reached XP level 1. HP: 19/19 MP: 0/0
   137 | D:1      | Reached XP level 2. HP: 27/27 MP: 1/1
   286 | D:2      | Noticed Sigmund
   295 | D:2      | Killed Sigmund
   295 | D:2      | Reached XP level 3. HP: 14/35 MP: 2/2
   295 | D:2      | Reached XP level 4. HP: 17/41 MP: 3/3
   295 | D:2      | Reached XP level 5. HP: 19/47 MP: 4/4
   558 | D:3      | Reached skill level 5 in Fighting
   558 | D:3      | Reached skill level 5 in Armour
   558 | D:3      | Reached skill level 5 in Shields
   746 | D:3      | Found a runed translucent gate.
   747 | D:3      | Found a runed translucent gate.
   747 | D:3      | Found a runed translucent gate.
   748 | D:3      | Noticed grocchini's ghost (amateur SpMo)
   749 | D:3      | Noticed Borgoz's ghost (amateur GrGl)
   947 | D:3      | Reached XP level 6. HP: 56/56 MP: 5/5
  1013 | D:3      | Noticed Jessica
  1016 | D:3      | Killed Jessica
  1238 | D:4      | Reached skill level 1 in Slings
  1303 | D:4      | Reached XP level 7. HP: 44/61 MP: 6/6
  1560 | D:4      | Reached skill level 5 in Axes
  1635 | D:4      | Found a hazy altar of Hepliaklqana.
  1789 | D:4      | Got a jewelled scale mail
  1802 | D:4      | Identified the +3 scale mail of Focus {Dex+3} (You found it
                  | on level 4 of the Dungeon)
  1994 | D:4      | Got a shadowed robe
  2006 | D:4      | Identified the +2 robe of Poor Excuses {rElec rF- Str+5}
                  | (You found it on level 4 of the Dungeon)
  2055 | D:4      | Found a bloodstained altar of Trog.
  2193 | D:5      | Entered Level 5 of the Dungeon
  2210 | D:6      | Noticed Pikel
  2222 | D:6      | Killed Pikel
  2222 | D:6      | Reached XP level 8. HP: 56/71 MP: 7/7
  2346 | D:6      | Noticed Prince Ribbit
  2665 | D:5      | Found a staircase to the Ecumenical Temple.
  2817 | D:5      | Found an ornate altar of the Wu Jian Council.
  2850 | Temple   | Entered the Ecumenical Temple
  3612 | D:5      | Found a glowing golden altar of the Shining One.
  3619 | D:5      | Found a sacrificial altar of Ru.
  3771 | D:5      | Became a worshipper of the Shining One
  4161 | D:2      | Noticed Terence
  4169 | D:2      | Killed Terence
  5493 | D:6      | Found a sparkling altar of Nemelex Xobeh.
  5620 | D:6      | Gained mutation: You evolve. [potion of mutation]
  5620 | D:6      | Gained mutation: You have sharp toenails. [potion of
                  | mutation]
  6085 | D:7      | Noticed Eustachio
  6088 | D:7      | Noticed Blork the orc
  6109 | D:7      | Reached skill level 1 in Short Blades
  6267 | D:7      | Reached XP level 9. HP: 77/79 MP: 8/8
  6313 | D:7      | Found Vicavoys's Antique Weapon Emporium.
  6336 | D:7      | Found a sand-covered staircase.
  6505 | Ossuary  | Entered an ossuary
  6505 | Ossuary  | Reached * piety under the Shining One
  6522 | Ossuary  | Reached skill level 5 in Slings
  6757 | D:7      | Reached ** piety under the Shining One
  6802 | D:7      | Killed Eustachio
  6838 | D:7      | Killed Blork the orc
  6965 | D:7      | Found a shattered altar of Ashenzari.
  7220 | D:7      | Found a stormy altar of Qazlal.
  7289 | D:8      | Noticed Erica
  7301 | D:8      | Killed Erica
  7301 | D:8      | Reached skill level 1 in Invocations
  7368 | D:8      | Reached XP level 10. HP: 79/90 MP: 10/10
  7887 | D:8      | Found a glowing silver altar of Zin.
  7887 | D:8      | Found Zin's Purification Station.
  7951 | D:8      | Noticed Harold
  7965 | D:8      | Killed Harold
  8039 | D:8      | Noticed Joseph
  8057 | D:8      | Killed Joseph
  8707 | D:9      | Reached *** piety under the Shining One
  8880 | D:9      | You fall through a shaft for 2 floors!
  8896 | D:11     | Reached skill level 5 in Short Blades
  8905 | D:11     | Noticed a death knight
  8906 | D:11     | Noticed a skeletal warrior
  8910 | D:11     | Noticed a green ugly thing
  8934 | D:11     | Killed a green ugly thing
  9125 | D:10     | Entered Level 10 of the Dungeon
  9245 | D:9      | Reached XP level 11. HP: 70/97 MP: 12/12
  9437 | D:9      | Found a burning altar of Makhleb.
  9471 | D:9      | Noticed a purple ugly thing
  9472 | D:9      | Noticed an unseen horror
  9473 | D:9      | Noticed an unseen horror
  9478 | D:9      | Killed a purple ugly thing
  9486 | D:9      | Killed an unseen horror
  9496 | D:9      | Killed an unseen horror
  9496 | D:9      | Reached **** piety under the Shining One
  9583 | D:9      | Identified Sif Muna's Volume of the Traveller
  9591 | D:9      | Got a steaming marble ring
  9593 | D:9      | Identified the ring "Ateso" {+Inv rElec MR- Str+8 Stlth+}
                  | (You found it on level 9 of the Dungeon)
 10098 | D:10     | Gained mutation: Your mind is acute. (Int +2) [evolution]
 10240 | D:10     | Reached skill level 1 in Stealth
 10497 | D:10     | Noticed Urug
 10512 | D:10     | Killed Urug
 10512 | D:10     | Reached skill level 10 in Fighting
 10928 | D:11     | Reached skill level 10 in Shields
 10988 | D:11     | Reached skill level 10 in Armour
 10994 | D:11     | Found a staircase to the Orcish Mines.
 11098 | D:11     | Slain by a death knight

Skill      XL: |  1  2  3  4  5  6  7  8  9 10 11 |
---------------+----------------------------------+-----
Shields        | 4 5 6 7 8 9 10 | 10.0
Fighting       | 4 5 6 7 8 9 10 | 10.1
Axes           | 3 4 5 6 8 9 |  9.7
Armour         | 4 5 6 7 8 9 10 | 10.0
Slings         | 1 3 4 6 7 |  7.7
Short Blades   | 1 3 5 6 |  6.2
Invocations    | 1 3 4 |  4.1
Stealth        | 1 |  1.9

Action                   |  1- 3 |  4- 6 |  7- 9 | 10-12 || total
-------------------------+-------+-------+-------+-------++-------
Melee: War axe           |    25 |    94 |   346 |   321 ||   786
       Headbutt          |     3 |    17 |    56 |    56 ||   132
       Kick              |       |       |    34 |    88 ||   122
       Dagger            |       |       |     3 |       ||     3
       Falchion          |       |       |     2 |    32 ||    34
       Long sword        |       |       |       |     3 ||     3
 Fire: Hunting sling     |       |    12 |    56 |    26 ||    94
Throw: Stone             |       |       |     1 |       ||     1
Invok: Divine Shield     |       |       |       |     1 ||     1
Evoke: Wand              |       |       |     1 |     2 ||     3
  Use: Potion            |     1 |     1 |     6 |     4 ||    12
       Scroll            |       |     3 |     6 |     6 ||    15
  Eat: Chunk             |       |     1 |    10 |     8 ||    19
       Ration            |       |       |     3 |     2 ||     5
Armor: Scale mail        |    12 |    38 |   152 |       ||   202
       Skin              |       |       |     2 |       ||     2
       Robe              |       |       |     1 |       ||     1
       Swamp dragon scal |       |       |     5 |   128 ||   133
Dodge: Dodged            |     9 |    23 |    95 |   103 ||   230
Block: Shield            |     7 |    66 |   216 |   223 ||   512
       Rpst.: Falchion   |       |       |       |     3 ||     3
